 Dungeon Crawl Stone Soup version 0.18.1-50-g88ac8fd (webtiles) character file.

788 turokix the Skirmisher (level 7, -5/55 HPs)
             Began as a Demonspawn Fighter on Sept 30, 2016.
             Slain by btp524's ghost (13 damage)
             ... on level 6 of the Dungeon.
             The game lasted 00:11:09 (3927 turns).

turokix the Skirmisher (Demonspawn Fighter)         Turns: 3927, Time: 00:11:10

Health: -5/55      AC:  9    Str: 19    XL:     7   Next: 56%
Magic:  0/7        EV:  9    Int:  7    God:
Gold:   248        SH:  9    Dex: 12    Spells: 0 memorised, 6 levels left

rFire  . . .     SeeInvis .     a - +0 long sword
rCold  . . .     Gourm    .     r - +0 scale mail {MR+}
rNeg   . . .     Faith    .     c - +0 shield
rPois  .         Spirit   +     z - +0 helmet
rElec  .         Dismiss  .     m - +0 cloak
rCorr  .         Reflect  .     (no gloves)
SustAt .         Harm     .     (no boots)
MR     +....                    (no amulet)
Stlth  ..........               (no ring)
                                (no ring)

@: somewhat resistant to hostile enchantments, extremely unstealthy
A: demonic guardian 1, dopey 1, magic shield, MP-powered wands, sturdy frame 2
a: no special abilities


You were on level 6 of the Dungeon.
You were hungry.

You visited 1 branch of the dungeon, and saw 6 of its levels.

You collected 248 gold pieces.

Inventory:

Hand Weapons
 a - a +0 long sword (weapon)
Armour
 c - a +0 shield (worn)
 m - a +0 cloak (worn)
 o - a +0 chain mail
 r - a +0 scale mail of magic resistance (worn)
 v - a +0 ring mail of cold resistance
 z - a +0 helmet (worn)
Wands
 q - a wand of flame (40/48)
Scrolls
 h - 3 scrolls of blinking
 i - a scroll of remove curse
 n - a scroll of recharging
 u - 3 scrolls of teleportation
Potions
 b - 2 potions of flight
 d - a potion of might
 e - 3 potions of curing
 j - 2 potions of ambrosia
 s - a potion of beneficial mutation
 t - 2 potions of agility {unknown}
 x - 2 potions of brilliance {unknown}
 A - a potion of cure mutation {unknown}
 B - a potion of heal wounds
Comestibles
 f - 4 bread rations
 g - 2 beef jerkies
 k - 2 slices of pizza
 l - 2 royal jellies
 p - 3 meat rations
 w - 5 chunks of flesh


   Skills:
 + Level 4.7 Fighting
 * Level 4.5 Long Blades
 + Level 4.4 Armour
 + Level 2.6 Dodging
 + Level 4.0 Shields


You had 6 spell levels left.
You didn't know any spells.

Dungeon Overview and Level Annotations

Branches:
Dungeon (6/15)
 Temple: D:4-7

Altars:
Dithmenos
Gozag
Kikubaaqudgha
Makhleb
Pakellas
Qazlal
Yredelemnul

Annotations:
D:6 btp524's ghost, novice FoFi


Innate Abilities, Weirdness & Mutations

A weak demonic guardian rushes to your aid.
When hurt, damage is shared between your health and your magic reserves.
Your movements are less encumbered by armour (ER -4).
You are dopey. (Int -2)
You expend magic power (3 MP) to strengthen your wands.


Message History

Btp524's ghost is almost destroyed.
Your crimson imp hits btp524's ghost but does no damage.
Btp524's ghost hits you!
* * * LOW HITPOINT WARNING * * *
You hit btp524's ghost but do no damage.
Btp524's ghost is almost destroyed.
Your crimson imp disappears in a puff of smoke!
Btp524's ghost barely misses you.
Your ufetubus barely misses btp524's ghost.
Your ufetubus hits btp524's ghost but does no damage.
You barely miss btp524's ghost.
Btp524's ghost is almost destroyed.
Your ufetubus hits btp524's ghost but does no damage. x2
Btp524's ghost hits your ufetubus!!
Your ufetubus dies!
Btp524's ghost turns its malevolent gaze towards you.
You hit btp524's ghost.
Btp524's ghost is almost destroyed.
Btp524's ghost barely misses you. Btp524's ghost hits you!
You die...

..>.#......#.....#
...######.#######
#.......# #.......#
#.......# #.......#
###########.......#
#.................#
#.......@W........#
#.<.................
#....................
##################...
###


You could see btp524's ghost.

Vanquished Creatures
  A phantom (D:6)
  An ogre (D:4)
  A giant frog (D:6)
  A crimson imp (D:5)
  A jelly (D:4)
  A hound (D:6)
  Natasha (thrice) (D:2)
  2 iguanas
  A worker ant (D:5)
  A worker ant zombie (D:5)
  8 adders
  A gnoll (D:1)
  A howler monkey skeleton (D:4)
  A shadow imp (D:5)
  3 worms
  2 dart slugs
  4 giant geckos
  8 orcs
  A giant cockroach (D:2)
  8 goblins
  7 hobgoblins
  10 jackals
  10 kobolds
  3 quokkas
  6 bats
  A giant newt (D:1)
  5 rats
92 creatures vanquished.

Vanquished Creatures (collateral kills)
  A giant frog (D:6)
  A crimson imp (D:5)
  A hound (D:5)
3 creatures vanquished.

Grand Total: 95 creatures vanquished

Notes
Turn   | Place    | Note
--------------------------------------------------------------
     0 | D:1      | turokix the Demonspawn Fighter began the quest for the Orb.
     0 | D:1      | Reached XP level 1. HP: 18/18 MP: 1/1
    61 | D:1      | Gained mutation: Your movements are slightly less encumbered by armour (ER -2). [demonic ancestry]
    61 | D:1      | Reached XP level 2. HP: 9/24 MP: 2/2
   714 | D:1      | Gained mutation: A weak demonic guardian rushes to your aid. [demonic ancestry]
   714 | D:1      | Reached XP level 3. HP: 29/29 MP: 3/3
   819 | D:2      | Reached skill level 1 in Dodging
   892 | D:2      | Reached XP level 4. HP: 11/35 MP: 4/4
  1273 | D:2      | Noticed Natasha
  1283 | D:2      | Killed Natasha
  1464 | D:2      | Noticed Natasha
  1480 | D:2      | Killed Natasha
  1562 | D:2      | Reached XP level 5. HP: 41/41 MP: 5/5
  1870 | D:2      | Noticed Natasha
  1877 | D:2      | Killed Natasha
  1999 | D:3      | Found an opulent altar of Gozag.
  2192 | D:3      | Gained mutation: You are dopey. (Int -2) [potion of mutation]
  2192 | D:3      | Gained mutation: You expend magic power (3 MP) to strengthen your wands. [potion of mutation]
  2198 | D:3      | Found a basalt altar of Yredelemnul.
  2657 | D:4      | Noticed an ogre
  2667 | D:4      | Killed an ogre
  2667 | D:4      | Gained mutation: When hurt, damage is shared between your health and your magic reserves. [demonic ancestry]
  2667 | D:4      | Reached XP level 6. HP: 21/48 MP: 6/6
  2804 | D:4      | Found a shadowy altar of Dithmenos.
  2928 | D:5      | Entered Level 5 of the Dungeon
  2946 | D:5      | Found an oddly glowing altar of Pakellas.
  3136 | D:5      | Found an ancient bone altar of Kikubaaqudgha.
  3136 | D:5      | Found a stormy altar of Qazlal.
  3136 | D:5      | Found a burning altar of Makhleb.
  3530 | D:5      | Gained mutation: Your movements are less encumbered by armour (ER -4). [demonic ancestry]
  3530 | D:5      | Reached XP level 7. HP: 48/55 MP: 7/7
  3843 | D:6      | Noticed btp524's ghost (novice FoFi)
  3861 | D:6      | HP: 1/55 [btp524's ghost (17)]
  3882 | D:6      | HP: 2/55 [btp524's ghost (9)]
  3927 | D:6      | Slain by btp524's ghost

Skill      XL: |  1  2  3  4  5  6  7 |
---------------+----------------------+-----
Long Blades    | 2 3 4 |  4.5
Armour         | 3 4 |  4.4
Dodging        | 1 2 |  2.6
Shields        | 3 4 |  4.0
Fighting       | 4 |  4.7

Action                   |  1- 3 |  4- 6 |  7- 9 || total
-------------------------+-------+-------+-------++-------
Melee: Long sword        |    79 |   302 |    69 ||   450
  Use: Scroll            |     3 |    11 |       ||    14
       Potion            |       |     1 |     2 ||     3
  Eat: Chunk             |       |     9 |     1 ||    10
Armor: Scale mail        |     9 |    25 |    19 ||    53
       Chain mail        |    34 |   120 |       ||   154
Dodge: Dodged            |    30 |    72 |    22 ||   124
Block: Shield            |    37 |   159 |    28 ||   224
